% Time on Ice - VANCOUVER VOODOO
Lines # - Real PCT - Wanted PCT - Time Play
Normal Forward
1 - 36% - 36% - 18:48
2 - 33% - 36% - 17:00
3 - 24% - 24% - 12:29
4 - 7% - 4% - 3:31
Normal Defense
1 - 33% - 36% - 16:54
2 - 32% - 34% - 16:43
3 - 29% - 30% - 14:50
4 - 6% - 0% - 3:21
PP Forward
1 - 58% - 53% - 2:17
2 - 42% - 47% - 1:41
PP Defense
1 - 48% - 53% - 1:55
2 - 52% - 47% - 2:03
PK Forward
1 - 79% - 60% - 3:17
2 - 21% - 40% - 0:51
PK Defense
1 - 55% - 53% - 2:16
2 - 45% - 47% - 1:52
PK3 Forward
1 - 0% - 55%
2 - 0% - 45%
PK3 Defense
1 - 0% - 52%
2 - 0% - 48%
44 Forward
1 - 0% - 51%
2 - 0% - 49%
44 Defense
1 - 0% - 52%
2 - 0% - 48%
Last Minute Offensive  - 0:06
Last Minute Defensive  - 0:00
Total
Forward - 60:00
Defense - 60:00
% Time on Ice - BOISE CARIBOUS
Lines # - Real PCT - Wanted PCT - Time Play
Normal Forward
1 - 34% - 35% - 17:26
2 - 31% - 32% - 16:07
3 - 23% - 25% - 11:51
4 - 12% - 8% - 6:13
Normal Defense
1 - 35% - 36% - 18:11
2 - 35% - 36% - 18:16
3 - 28% - 28% - 14:13
4 - 2% - 0% - 0:57
PP Forward
1 - 57% - 65% - 2:21
2 - 43% - 35% - 1:47
PP Defense
1 - 44% - 60% - 1:48
2 - 56% - 40% - 2:20
PK Forward
1 - 46% - 50% - 1:50
2 - 54% - 50% - 2:08
PK Defense
1 - 37% - 55% - 1:29
2 - 63% - 45% - 2:29
PK3 Forward
1 - 0% - 55%
2 - 0% - 45%
PK3 Defense
1 - 0% - 55%
2 - 0% - 45%
44 Forward
1 - 0% - 55%
2 - 0% - 45%
44 Defense
1 - 0% - 55%
2 - 0% - 45%
Last Minute Offensive  - 0:00
Last Minute Defensive  - 0:17
Total
Forward - 60:00
Defense - 60:00
Play-by-Play 1st period 0:01 of 1st period - Vincent Trocheck wins face-off versus Patrick Kane in neutral zone. 1:17 of 1st period - Shot by Joshua Norris. 1:17 of 1st period - Shot Misses the Net. 1:19 of 1st period - Shot by Rafael Harvey-Pinard. 1:19 of 1st period - Shot Hit the Post. 1:22 of 1st period - Minor Penalty to Marcus Pettersson for Hooking. 1:23 of 1st period - Sean Couturier wins face-off versus Jean-Gabriel Pageau in BOISE CARIBOUS zone. 1:24 of 1st period - Shot by Carson Soucy. 1:24 of 1st period - Stopped by Ilya Sorokin with a rebound. 1:26 of 1st period - Shot by Sean Couturier. 1:26 of 1st period - Shot Blocked by Moritz Seider. 2:37 of 1st period - Shot by Joshua Norris. 2:37 of 1st period - Shot Blocked by Jean-Gabriel Pageau. 3:29 of 1st period - Icing by Dylan DeMelo. 3:30 of 1st period - Alex Newhook wins face-off versus Gabriel Vilardi in BOISE CARIBOUS zone. 3:30 of 1st period - Alex Newhook is hit by Dylan DeMelo. 3:42 of 1st period - Shot by Alex Newhook. 3:42 of 1st period - Shot Misses the Net. 4:08 of 1st period - Shot by Gabriel Vilardi. 4:08 of 1st period - Shot Misses the Net. 4:47 of 1st period - Shot by Rasmus Andersson. 4:47 of 1st period - Stopped by Filip Gustavsson without a rebound. 4:48 of 1st period - Christian Dvorak wins face-off versus Jean-Gabriel Pageau in VANCOUVER VOODOO zone. 5:15 of 1st period - Shot by Josh Bailey. 5:15 of 1st period - Shot Misses the Net. 5:45 of 1st period - Icing by Nicolas Hague. 5:46 of 1st period - Vincent Trocheck wins face-off versus Christian Dvorak in VANCOUVER VOODOO zone. 6:11 of 1st period - Shot by Vincent Trocheck. 6:11 of 1st period - Shot Misses the Net. 6:13 of 1st period - Shot by Tim Stutzle. 6:13 of 1st period - The goal is going for a video replay. 6:13 of 1st period - The goal is refused. 6:14 of 1st period - Joshua Norris wins face-off versus Gabriel Vilardi in VANCOUVER VOODOO zone. 6:48 of 1st period - Shot by Joshua Norris. 6:48 of 1st period - Deflect By Rafael Harvey-Pinard. 6:48 of 1st period - Shot Blocked by Lawson Crouse. 7:07 of 1st period - Rasmus Andersson is hit by Josh Anderson and loses puck. 7:29 of 1st period - Icing by Sean Couturier. 7:30 of 1st period - Sean Couturier wins face-off versus Vincent Trocheck in VANCOUVER VOODOO zone. 7:38 of 1st period - Icing by Vincent Trocheck. 7:39 of 1st period - Vincent Trocheck wins face-off versus Joshua Norris in BOISE CARIBOUS zone. 7:43 of 1st period - Vincent Trocheck is hit by Carson Soucy. 9:19 of 1st period - Shot by Artturi Lehkonen. 9:19 of 1st period - Stopped by Filip Gustavsson without a rebound. 9:20 of 1st period - Jesperi Kotkaniemi wins face-off versus Sean Couturier in VANCOUVER VOODOO zone. 9:23 of 1st period - Shot by Kirill Marchenko. 9:23 of 1st period - Deflect By Jesperi Kotkaniemi. 9:23 of 1st period - Shot Misses the Net. 9:25 of 1st period - Shot by Jesperi Kotkaniemi. 9:25 of 1st period - Shot Misses the Net. 9:35 of 1st period - Shot by Jesperi Kotkaniemi. 9:35 of 1st period - Shot Misses the Net. 9:39 of 1st period - Shot by Rasmus Dahlin. 9:39 of 1st period - Shot Blocked by Braden Schneider. 9:49 of 1st period - Shot by Kirill Marchenko. 9:49 of 1st period - Stopped by Filip Gustavsson without a rebound. 9:50 of 1st period - Vincent Trocheck wins face-off versus Christian Dvorak in VANCOUVER VOODOO zone. 10:33 of 1st period - Shot by Vincent Trocheck. 10:33 of 1st period - Stopped by Filip Gustavsson without a rebound. 10:34 of 1st period - Jean-Gabriel Pageau wins face-off versus Sean Couturier in VANCOUVER VOODOO zone. 10:44 of 1st period - Icing by Alexander Edler. 10:45 of 1st period - Gabriel Vilardi wins face-off versus Sean Couturier in VANCOUVER VOODOO zone. 10:51 of 1st period - Lawson Crouse is hit by Alexander Romanov and loses puck. 11:46 of 1st period - Shot by Artturi Lehkonen. 11:46 of 1st period - Stopped by Filip Gustavsson with a rebound. 11:48 of 1st period - Shot by Rasmus Dahlin. 11:48 of 1st period - Shot Misses the Net. 11:52 of 1st period - Shot by Charlie Coyle. 11:52 of 1st period - Goal by Charlie Coyle - VANCOUVER VOODOO : 0 - BOISE CARIBOUS : 1. 11:53 of 1st period - Tim Stutzle wins face-off versus Joshua Norris in neutral zone. 12:55 of 1st period - Shot by Jonathan Drouin. 12:55 of 1st period - Stopped by Ilya Sorokin without a rebound. 12:56 of 1st period - Jean-Gabriel Pageau wins face-off versus Alex Newhook in BOISE CARIBOUS zone. 13:58 of 1st period - Shot by Jonathan Drouin. 13:58 of 1st period - Stopped by Ilya Sorokin without a rebound. 13:59 of 1st period - Joshua Norris wins face-off versus Gabriel Vilardi in BOISE CARIBOUS zone. 14:11 of 1st period - Off-side. 14:12 of 1st period - Vincent Trocheck wins face-off versus Christian Dvorak in neutral zone. 14:17 of 1st period - Shot by Matt Duchene. 14:17 of 1st period - Stopped by Filip Gustavsson without a rebound. 14:18 of 1st period - Joshua Norris wins face-off versus Vincent Trocheck in VANCOUVER VOODOO zone. 14:18 of 1st period - Joshua Norris is hit by Vincent Trocheck. 14:48 of 1st period - Shot by Joshua Norris. 14:48 of 1st period - Deflect By Rafael Harvey-Pinard. 14:48 of 1st period - Stopped by Ilya Sorokin without a rebound. 14:49 of 1st period - Jean-Gabriel Pageau wins face-off versus Sean Couturier in BOISE CARIBOUS zone. 15:09 of 1st period - Patrick Kane is hit by Marcus Pettersson and loses puck. 15:52 of 1st period - Shot by Joshua Norris. 15:52 of 1st period - Shot Misses the Net. 15:56 of 1st period - Shot by Joshua Norris. 15:56 of 1st period - Shot Misses the Net. 15:58 of 1st period - Shot by Nicolas Roy. 15:58 of 1st period - Shot Misses the Net. 16:06 of 1st period - Shot by Rafael Harvey-Pinard. 16:06 of 1st period - Shot Misses the Net. 16:08 of 1st period - Shot by Nicolas Roy. 16:08 of 1st period - Shot Blocked by Charlie Coyle. 16:20 of 1st period - Shot by Rafael Harvey-Pinard. 16:20 of 1st period - Shot Misses the Net. 16:22 of 1st period - Shot by Rafael Harvey-Pinard. 16:22 of 1st period - Shot Misses the Net. 16:34 of 1st period - Icing by Braden Schneider. 16:35 of 1st period - Jonathan Drouin wins face-off versus Gabriel Vilardi in VANCOUVER VOODOO zone. 16:42 of 1st period - Icing by Rasmus Andersson. 16:43 of 1st period - Sean Couturier wins face-off versus Gabriel Vilardi in BOISE CARIBOUS zone. 17:00 of 1st period - Shot by Gabriel Vilardi. 17:00 of 1st period - Shot Misses the Net. 17:19 of 1st period - Shot by Lawson Crouse. 17:19 of 1st period - Stopped by Filip Gustavsson without a rebound. 17:20 of 1st period - Vincent Trocheck wins face-off versus Joshua Norris in VANCOUVER VOODOO zone. 18:00 of 1st period - Icing by Ryan Suter. 18:01 of 1st period - Gabriel Vilardi wins face-off versus Joshua Norris in VANCOUVER VOODOO zone. 18:18 of 1st period - Shot by Lawson Crouse. 18:18 of 1st period - Stopped by Filip Gustavsson without a rebound. 18:19 of 1st period - Sean Couturier wins face-off versus Jesperi Kotkaniemi in VANCOUVER VOODOO zone. 18:34 of 1st period - Shot by Patrick Kane. 18:34 of 1st period - Deflect By Sean Couturier. 18:34 of 1st period - Shot Hit the Post. 18:46 of 1st period - Shot by Josh Anderson. 18:46 of 1st period - Shot Misses the Net. 18:48 of 1st period - Shot by Sean Couturier. 18:48 of 1st period - Deflect By Patrick Kane. 18:48 of 1st period - Stopped by Ilya Sorokin without a rebound. 18:49 of 1st period - Matt Duchene wins face-off versus Christian Dvorak in BOISE CARIBOUS zone. 19:04 of 1st period - Josh Bailey is hit by Tim Stutzle and loses puck. 19:18 of 1st period - Shot by Jonathan Drouin. 19:18 of 1st period - Shot Blocked by Rasmus Dahlin. 19:20 of 1st period - Shot by Braden Schneider. 19:20 of 1st period - Goal by Braden Schneider - VANCOUVER VOODOO : 1 - BOISE CARIBOUS : 1. 19:21 of 1st period - Gabriel Vilardi wins face-off versus Sean Couturier in neutral zone. 19:42 of 1st period - Shot by Gabriel Vilardi. 19:42 of 1st period - Shot Blocked by Sean Couturier. 19:44 of 1st period - Shot by Lawson Crouse. 19:44 of 1st period - Stopped by Filip Gustavsson without a rebound. 19:45 of 1st period - Vincent Trocheck wins face-off versus Joshua Norris in VANCOUVER VOODOO zone. 19:52 of 1st period - Shot by Tim Stutzle. 19:52 of 1st period - Shot Misses the Net. 19:54 of 1st period - Shot by Tim Stutzle. 19:54 of 1st period - Stopped by Filip Gustavsson without a rebound. 19:55 of 1st period - Sean Couturier wins face-off versus Artturi Lehkonen in VANCOUVER VOODOO zone. Goals for this period are 1 for VANCOUVER VOODOO vs 1 for BOISE CARIBOUS. Shots for this period are 6 for VANCOUVER VOODOO vs 12 for BOISE CARIBOUS. 2nd period 0:01 of 2nd period - Jean-Gabriel Pageau wins face-off versus Sean Couturier in neutral zone. 0:06 of 2nd period - Shot by Artturi Lehkonen. 0:06 of 2nd period - Stopped by Filip Gustavsson without a rebound. 0:07 of 2nd period - Sean Couturier wins face-off versus Vincent Trocheck in VANCOUVER VOODOO zone. 0:07 of 2nd period - Patrick Kane is hit by Matt Duchene. 0:15 of 2nd period - Icing by Tim Stutzle. 0:16 of 2nd period - Christian Dvorak wins face-off versus Vincent Trocheck in BOISE CARIBOUS zone. 0:21 of 2nd period - Shot by Josh Bailey. 0:21 of 2nd period - Shot Blocked by Dylan DeMelo. 0:27 of 2nd period - Shot by Christian Dvorak. 0:27 of 2nd period - Stopped by Ilya Sorokin without a rebound.